 Dungeon Crawl Stone Soup version 0.31-a0-348-g810772c3d7 (webtiles) character file.

Game seed: 16108258649694967955

27930 GordonOverkill the Deadly Accurate (level 13, -4/169 HPs)
             Began as a Grey Draconian Brigand on July 23, 2023.
             Was an Elder of Okawaru.
             Slain by a skyshark (9 damage)
             ... in the Arena.
             The game lasted 01:02:29 (22273 turns).

GordonOverkill the Deadly Accurate (DrBr)          Turns: 22273, Time: 01:02:29

Health: -4/169     AC: 26    Str: 18    XL:     13   Next: 7%
Magic:  7/19       EV:  2    Int: 12    God:    Okawaru [****..]
Gold:   1312       SH:  0    Dex: 13    Spells: 12/12 levels left

rFire   . . .        i - +5 dagger (venom)
rCold   . . .        (no shield)
rNeg    + . .        (body armour unavailable)
rPois   +            (helmet currently unavailable)
rElec   .            b - melded +0 cloak
rCorr   +            e - melded +2 pair of gloves
SInv    .            p - melded +0 pair of boots
Will    +....        (no amulet)
Stlth   ++++         g - ring of positive energy
HPRegen 0.48/turn    h - ring of resist corrosion
MPRegen 0.16/turn

%: no passive effects
@: tree-form, heroic, finesse-ful, enlightened, studying Translocations,
duelling
A: stationary, stasis, torment immunity, boosted hp, AC +13, (amphibious),
unfitting armour, (cold-blooded), (big wings), (hooves 1)
a: Renounce Religion, Heroism, Finesse


You were in the Arena.
You worshipped Okawaru.
Okawaru was greatly pleased with you.
You were a tree.
You visited 4 branches of the dungeon, and saw 17 of its levels.

You collected 1312 gold pieces.

Inventory:

Hand Weapons
 i - a +5 dagger of venom (weapon)
 l - a +2 hand axe of flaming
Missiles
 f - 10 poisoned darts
Armour
 b - a +0 cloak (melded)
 e - a +2 pair of gloves (melded)
 p - a +0 pair of boots (melded)
 r - a scarf of repulsion
 B - a +1 pair of boots
Jewellery
 g - a ring of positive energy (left branch)
 h - a ring of resist corrosion (right branch)
 j - a +6 ring of intelligence
 u - a ring of wizardry
 y - a ring of ice
Scrolls
 a - 2 scrolls of identify
 c - a scroll of immolation
 k - a scroll of fog
 s - 2 scrolls of vulnerability
 v - 3 scrolls of fear
 z - a scroll of amnesia
Potions
 d - a potion of mutation
 m - 3 potions of curing


   Skills:
 - Level 10.0(15.0) Fighting
 - Level 6.0(11.0) Short Blades
 + Level 15.7(20.7) Throwing
 - Level 6.0(11.0) Dodging
 - Level 4.0(9.0) Stealth
 - Level 8.0 Invocations


You had 12 spell levels left.
You didn't know any spells.
Your spell library contained the following spells:

 Spells                   Type           Power      Damage    Failure   Level
 Ensorcelled Hibernation  Hex/Ice        0%         N/A       45%         2
 Passwall                 Tmut/Erth      0%         N/A       45%         2
 Wereblood                Tmut           0%         N/A       45%         2
 Swiftness                Air            0%         N/A       69%         3
 Volatile Blastmotes      Fire/Tloc      0%         2d10      69%         3
 Fulminant Prism          Conj/Hex       0%         3d5       97%         4
 Iskenderun's Mystic Bla  Conj/Tloc      0%         2d3       97%         4
 Passage of Golubria      Tloc           0%         N/A       97%         4
 Irradiate                Conj/Tmut      0%         3d11      100%        5
 Yara's Violent Unravell  Hex/Tmut       0%         3d3       100%        5
 Summon Small Mammal      Summ           Unusable   N/A       N/A         1
 Call Canine Familiar     Summ           Unusable   N/A       N/A         3
 Summon Guardian Golem    Hex/Summ       Unusable   N/A       N/A         3
 Tukima's Dance           Hex            Unusable   N/A       N/A         3

Dungeon Overview and Level Annotations

Branches:
Dungeon (12/15)            Temple (1/1) D:7            Lair (2/5) D:9
    Orc (2/2) D:9
  Swamp: Lair:2-3    Shoals: Lair:2-3     Snake: Lair:2-3    Spider: Lair:2-3
    Elf: Orc:2

Altars:
Ashenzari
Cheibriados
Dithmenos
Elyvilon
Fedhas
Gozag
Hepliaklqana
Kikubaaqudgha
Makhleb
Nemelex Xobeh
Okawaru
Qazlal
Ru
Sif Muna
Trog
Uskayaw
Vehumet
Wu Jian
Xom
Yredelemnul
Zin
The Shining One

Annotations:
D:3 Grinder
Orc:1 Jorgrun


Innate Abilities, Weirdness & Mutations

You are a tree.
Your roots penetrate the ground, keeping you stationary.
You cannot be teleported.
You are immune to unholy pain and torment.
Your maximum health is greatly increased.
Your equipment is partially melded.
((Your dull iron-grey scales are very hard. (AC +13)))
((You are amphibious.))
You cannot fit into any form of body armour.
((You are cold-blooded and may be slowed by cold attacks.))
((Your large and strong wings let you fly.))
((You have large cloven feet.))


Message History

The skyshark closely misses you. x2; The skyshark bites you!
* * * LOW HITPOINT WARNING * * *
The skyshark misses you.
The skyshark tail-slaps you but does no damage.
What are your orders? t - Shout!
Orders for allies: a - Attack new target. r - Retreat! s - Stop attacking. g - Guard the area. f - Follow me.
Anything else - Cancel.
Retreat in which direction?
Press: ? - help, Dir - move target, f - you
Okay, then.
It was a potion of lignification.
You turn into a tree.
Your +0 cloak melds into your body.
Your +2 pair of gloves melds into your body.
Your +0 pair of boots melds into your body.
Your roots penetrate the ground.
The skyshark bites you but does no damage.
The skyshark tail-slaps you but does no damage.
The skyshark tail-slaps you!
* * * LOW HITPOINT WARNING * * *
Unknown command.
Unknown command.
Aiming: Duel (32% risk of failure)
Press: ? - help, Dir - move target, f - wolf
Aim: a wolf The wolf is not worthy to be dueled!
Aiming: Duel (32% risk of failure)
Press: ? - help, Dir - move target, f - skyshark, p - wolf
Aim: a skyshark (lightly wounded, berserk, extremely poisoned)
You enter into single combat with the skyshark!
The world spins around you as you enter the gateway.
You enter Okawaru's Arena!
You can no longer enter into single combat with a foe.
Okawaru will no longer gift you equipment.
The spectator shouts!
The skyshark bites you!
You die...
Okawaru crowns the skyshark victorious!

###########
#.p.▓∩▓.p.# ##
▓▓▓▓▓▓▓▓▓ ##
#.▓ ....... ▓.#
#p▓.#.....#.▓p#
#.▓.........▓.#
#▓▓.........▓▓#
#p▓....♣....▓p#
#▓▓.....l...▓▓#
#.▓.........▓.#
#p▓.#.....#.▓p#
#.▓ ....... ▓.#
## ▓▓▓▓▓▓▓▓▓ ##
#.p.▓p▓.p.#
###########


You could see a skyshark (berserk, extremely poisoned).

Vanquished Creatures
  A hydra (Lair:2)
  A boulder beetle (D:11)
  3 two-headed ogres
  5 death yaks (Lair:2)
  Urug (D:10)
  Nergalle (D:10)
  Lodul (D:10)
  3 cyclopes
  A gargoyle (D:11)
  4 cane toads
  2 rime drakes (Lair:1)
  An unseen horror (D:5)
  A komodo dragon (D:11)
  Psyche (D:9)
  2 kobold demonologists
  3 trolls
  A hornet (D:9)
  8 blink frogs
  10 slime creatures
  3 shadows
  2 wraiths
  22 yaks
  A wyvern (D:9)
  2 basilisks
  2 steam dragons
  Grum (D:8)
  5 vampire mosquitoes (D:12)
  2 wargs (Orc:1)
  An acid dragon (D:12)
  3 water moccasins
  A black bear (D:6)
  7 orc warriors
  An ice beast (D:5)
  A centaur (D:9)
  11 ogres
  10 wolves
  6 kobold brigands
  A gnoll sergeant (D:9)
  9 bullfrogs
  15 wights
  13 killer bees
  7 howler monkeys
  An electric eel (Lair:1)
  A hound (D:5)
  3 gnoll boudas
  5 orc priests
  A sleepcap (D:7)
  5 iguanas
  10 orc wizards
  Natasha (thrice) (D:4)
  10 gnolls
  7 adders
  4 white imps
  2 worms
  A dart slug (D:2)
  38 orcs
  5 ball pythons
  5 endoplasms
  2 giant cockroaches
  6 goblins
  4 hobgoblins
  3 jackals (D:1)
  3 quokkas
  4 bats
  4 frilled lizards (D:1)
  21 kobolds
  2 rats
326 creatures vanquished.

Notes
Turn   | Place    | Note
-------+----------+-------------------------------------------
     0 | D:1      | GordonOverkill the Draconian Brigand began the quest for
                  | the Orb.
     0 | D:1      | Reached XP level 1. HP: 17/17 MP: 1/1
   538 | D:1      | Reached skill level 2 in Throwing
   583 | D:1      | Reached XP level 2. HP: 25/25 MP: 2/2
  1489 | D:2      | Reached XP level 3. HP: 30/30 MP: 3/3
  2461 | D:3      | Found an ornate altar of the Wu Jian Council.
  2520 | D:3      | Reached skill level 3 in Throwing
  2754 | D:3      | Noticed Grinder
  2789 | D:3      | You fall into a shaft and drop 3 floors!
  2881 | D:6      | Noticed a black bear
  3190 | D:6      | Reached XP level 4. HP: 20/38 MP: 4/4
  3245 | D:6      | Killed a black bear
  3246 | D:6      | Reached skill level 4 in Throwing
  3246 | D:6      | Reached XP level 5. HP: 40/45 MP: 5/5
  3292 | D:5      | Entered Level 5 of the Dungeon
  3450 | D:5      | Noticed an ice beast
  3465 | D:4      | Reached skill level 5 in Throwing
  3686 | D:3      | Reached XP level 6. HP: 49/51 MP: 6/6
  4473 | D:3      | Paralysed by Grinder for 2 turns
  4591 | D:4      | Noticed Natasha
  4622 | D:4      | Killed Natasha
  4623 | D:4      | Reached skill level 6 in Throwing
  5141 | D:4      | Noticed Natasha
  5154 | D:4      | Killed Natasha
  5318 | D:4      | Noticed Natasha
  5331 | D:4      | Killed Natasha
  5840 | D:5      | Your scales start taking on a dull iron-grey colour.
  5840 | D:5      | Reached XP level 7. HP: 57/57 MP: 7/7
  6047 | D:5      | Gained mutation: Your large and strong wings let you fly.
                  | [potion of mutation]
  6047 | D:5      | Gained mutation: You have large cloven feet. [potion of
                  | mutation]
  6067 | D:5      | Reached skill level 5 in Fighting
  6067 | D:5      | Reached skill level 7 in Throwing
  6582 | D:5      | Reached XP level 8. HP: 64/68 MP: 8/8
  6910 | D:5      | Killed an unseen horror
  6911 | D:5      | Reached skill level 8 in Throwing
  7341 | D:5      | Reached skill level 9 in Throwing
  7856 | D:6      | Reached skill level 1 in Dodging
  8223 | D:7      | Found a basalt altar of Yredelemnul.
  8235 | D:7      | Found a shimmering blue altar of Sif Muna.
  8235 | D:7      | Found a glowing golden altar of the Shining One.
  8282 | D:7      | Found a staircase to the Ecumenical Temple.
  8391 | D:7      | Reached XP level 9. HP: 70/74 MP: 9/9
  8558 | D:6      | Reached skill level 10 in Throwing
  8992 | Temple   | Entered the Ecumenical Temple
  9015 | Temple   | Became a worshipper of Warmaster Okawaru
  9195 | D:8      | Noticed Grum
  9266 | D:8      | Reached skill level 1 in Invocations
  9675 | D:8      | Killed Grum
  9675 | D:8      | Reached * piety under Okawaru
  9915 | D:8      | Noticed a two-headed ogre
  9920 | D:8      | Killed a two-headed ogre
  9921 | D:8      | Reached skill level 5 in Dodging
 10138 | D:8      | Reached ** piety under Okawaru
 10152 | D:8      | Reached XP level 10. HP: 81/81 MP: 13/13
 10156 | D:8      | Reached skill level 11 in Throwing
 10156 | D:8      | Reached skill level 5 in Invocations
 11328 | D:9      | Noticed Psyche
 11338 | D:9      | Killed Psyche
 11338 | D:9      | Reached *** piety under Okawaru
 11339 | D:9      | Reached skill level 12 in Throwing
 11345 | D:9      | Noticed a death yak
 11500 | D:9      | Noticed a death yak
 11515 | D:9      | Found a staircase to the Orcish Mines.
 11659 | D:9      | Received a gift from Okawaru
 12010 | D:9      | Noticed a death yak
 12177 | D:9      | Found a staircase to the Lair.
 12181 | D:9      | Reached skill level 13 in Throwing
 12184 | D:9      | Noticed a death yak
 12197 | D:9      | Noticed a death yak
 12218 | Orc:1    | Entered Level 1 of the Orcish Mines
 12266 | Orc:2    | Entered Level 2 of the Orcish Mines
 12669 | Orc:1    | Noticed Jorgrun
 12893 | D:10     | Entered Level 10 of the Dungeon
 13451 | D:10     | Noticed Urug
 13459 | D:10     | Killed Urug
 13460 | D:10     | Reached XP level 11. HP: 86/86 MP: 11/14
 13482 | D:10     | Noticed Lodul
 15275 | D:10     | Reached skill level 5 in Short Blades
 15275 | D:10     | Reached skill level 14 in Throwing
 15526 | D:10     | Killed Lodul
 15785 | D:10     | Noticed Nergalle
 15805 | D:10     | Killed Nergalle
 16349 | D:11     | Noticed a two-headed ogre
 16355 | D:11     | Killed a two-headed ogre
 16443 | D:11     | Noticed a boulder beetle
 16520 | D:11     | Killed a boulder beetle
 16979 | D:11     | Received a gift from Okawaru
 18039 | D:11     | Reached XP level 12. HP: 57/100 MP: 17/17
 18174 | D:12     | Noticed a two-headed ogre
 18181 | D:12     | Killed a two-headed ogre
 18700 | D:12     | Reached **** piety under Okawaru
 19917 | D:12     | Found a sparkling altar of Nemelex Xobeh.
 20030 | Lair:1   | Entered Level 1 of the Lair of Beasts
 21048 | Lair:1   | Received a gift from Okawaru
 21476 | Lair:1   | Reached skill level 10 in Fighting
 21598 | Lair:1   | Reached ***** piety under Okawaru
 21608 | Lair:1   | Reached skill level 15 in Throwing
 22010 | Lair:2   | Noticed a five-headed hydra
 22037 | Lair:2   | Killed a three-headed hydra
 22126 | Lair:2   | Noticed a death yak
 22126 | Lair:2   | Noticed a death yak
 22126 | Lair:2   | Noticed a death yak
 22126 | Lair:2   | Noticed a death yak
 22142 | Lair:2   | Killed a death yak
 22143 | Lair:2   | Noticed a death yak
 22144 | Lair:2   | Killed a death yak
 22148 | Lair:2   | Noticed a death yak
 22163 | Lair:2   | Killed a death yak
 22189 | Lair:2   | Killed a death yak
 22190 | Lair:2   | Reached XP level 13. HP: 105/113 MP: 19/19
 22200 | Lair:2   | Identified the +2 pair of boots "Yqugh" {*Corrode rN+ SInv}
                  | (Okawaru gifted it to you on level 2 of the Lair of Beasts)
 22200 | Lair:2   | Received a gift from Okawaru
 22272 | Lair:2   | HP: 4/169 [skyshark (9)]
 22273 | Arena    | Entered the Arena
 22273 | Arena    | Slain by a skyshark

Illustrated notes

Levels and vault maps discovered:
D:1:      onia_arrival_mini_maze, layout_basic
D:2:      wander_river, layout_loops_ring, small_statue_intersection,
          grunt_ministairs_4
D:3:      layout_basic, general_overflow_altar, kennysheep_donut, st_stairs_6,
          minmay_stone_trees_small, nicolae_grassy_gnolls, uniq_grinder
D:4:      layout_basic, serial_bayou_pond_d, uniq_natasha
D:5:      layout_loops_ring, minmay_manual_maat
D:6:      layout_basic
D:7:      layout_rooms, grunt_temple_overflow_open, lemuel_temple_firewalk_b
D:8:      layout_loops_ring, uniq_grum
D:9:      minmay_skewed_foursquare, layout_loops_cross, dpeg_lair_monsters,
          david_orc_3, minivault_16, uniq_psyche
D:10:     layout_small_grid, uniq_nergalle, uniq_lodul, uniq_urug
D:11:     layout_loops_ring, lemuel_flame_loot_1
D:12:     layout_cave_pools, grunt_decor_arrowhead, nemelex_spade_bored_becter
Temple:   eino_narrow_crystal_temple
Lair:1:   layout_chaotic_city, serial_bayou_shore_a, infiniplex_staircase_pool
Lair:2:   layout_regular_city, nicolae_spider_entry_non_spiders
Orc:1:    layout_caves, abandoned_shop, uniq_jorgrun
Orc:2:    st_orc_rangers, layout_caves, serial_shops, shop,
          nicolae_orc_lava_tube
Arena

Skill      XL: |  1  2  3  4  5  6  7  8  9 10 11 12 |
---------------+-------------------------------------+-----
Throwing       | 2 3 4 5 6 7 9 10 13 14 15 | 15.7
Stealth        | 4 |  4.0
Fighting       | 3 5 7 10 | 10.0
Dodging        | 2 5 6 |  6.0
Invocations    | 4 5 7 8 |  8.0
Short Blades   | 6 |  6.0

Action                     |  1- 3 |  4- 6 |  7- 9 | 10-12 | 13-15 || total
---------------------------+-------+-------+-------+-------+-------++-------
  Melee: Dagger            |   123 |   103 |   364 |   711 |    52 ||  1353
         Tailslap          |    16 |     9 |    68 |   160 |    12 ||   265
         Whip              |       |    35 |    41 |   135 |       ||   211
         Punch             |       |     1 |     4 |    18 |     1 ||    24
         Kick              |       |       |    19 |       |       ||    19
         Hand axe          |       |       |       |     3 |       ||     3
  Throw: Dart              |    75 |    15 |    28 |   198 |     1 ||   317
         Javelin           |     1 |    10 |    20 |    69 |       ||   100
         Boomerang         |       |    25 |    64 |    88 |       ||   177
         Throwing net      |       |     1 |       |       |       ||     1
 Invoke: Heroism           |       |       |       |    34 |     1 ||    35
         Finesse           |       |       |       |       |     1 ||     1
         Duel              |       |       |       |       |     1 ||     1
    Use: Scroll            |     5 |     3 |     4 |    12 |     1 ||    25
         Potion            |       |     2 |     7 |     4 |     3 ||    16
   Stab: Sleeping          |     2 |     3 |     3 |       |       ||     8
         Distracted        |       |     1 |       |     1 |       ||     2
 Armour: Skin              |    39 |    51 |   232 |   277 |     8 ||   607
  Dodge: Dodged            |    67 |    61 |   256 |   508 |    35 ||   927

Table legend: (Time is in decaauts)
 A = Elapsed time spent in this place.
 B = Non-inter-level travel time spent in this place.
 C = Inter-level travel time spent in this place.
 D = Time resting spent in this place.
 E = Time spent auto-exploring this place.
 F = Levels seen in this place.
 G = Mean time per level.
                   A        B        C        D        E       F      G
               +--------+--------+--------+--------+--------+-----+--------+
         Total |  21909 |  21125 |    784 |   8384 |   5951 |  18 | 1217.2 |
       Dungeon |  19931 |  19227 |    704 |   7764 |   5401 |  12 | 1660.9 |
        Temple |     38 |      7 |     31 |      0 |      0 |   1 |   38.0 |
          Lair |   1520 |   1472 |     48 |    449 |    465 |   2 |  760.0 |
  Orcish Mines |    418 |    418 |      0 |    171 |     85 |   2 |  209.0 |
         Arena |      0 |      0 |      0 |      0 |      0 |   1 |    0.0 |
               +--------+--------+--------+--------+--------+-----+--------+

Top non-repeatable levels by time:
     D:9: 4283 daAuts
    D:11: 2204 daAuts
     D:4: 1563 daAuts
    D:10: 1538 daAuts
     D:6: 1530 daAuts
     D:8: 1451 daAuts
     D:1: 1415 daAuts
    D:12: 1394 daAuts
     D:5: 1377 daAuts
     D:3: 1366 daAuts
  Lair:1: 1245 daAuts
     D:2: 995 daAuts
     D:7: 811 daAuts
   Orc:1: 416 daAuts
  Lair:2: 275 daAuts
